 Dungeon Crawl Stone Soup version 0.32-a0-120-gfac0567ad4 (webtiles) character file.

Game seed: 6241554531023622573

6080 lunkers the Spear-Bearer (level 10, -3/115 HPs)
             Began as an Oni Gladiator on Feb 6, 2024.
             Was a Believer of Okawaru.
             Killed by vampiric draining
             ... invoked by a vampire
              (17 damage)
             ... on level 8 of the Dungeon.
             The game lasted 00:18:22 (10320 turns).

lunkers the Spear-Bearer (Oni Gladiator)           Turns: 10320, Time: 00:18:22

Health: -3/115     AC:  4    Str: 24    XL:     10   Next: 88%
Magic:  13/13      EV: 13    Int:  9    God:    Okawaru [**....]
Gold:   253        SH:  0    Dex: 16    Spells: 9/9 levels left

rFire   + . .        b - +2 trident (drain)
rCold   . . .        (no shield)
rNeg    . . .        C - +0 robe
rPois   .            c - +0 hat
rElec   .            l - +0 cloak
rCorr   .            (gloves unavailable)
SInv    .            (boots unavailable)
Will    +....        f - amulet of magic regeneration
Stlth   +++          q - +6 ring of dexterity
HPRegen 0.39/turn    B - ring of protection from fire
MPRegen 0.53/turn

%: no passive effects
@: heroic, slowed, very slow
A: large, unfitting armour, horns 1, tough skin 1, double potion healing,
drunken brawling
a: Renounce Religion, Heroism


You were on level 8 of the Dungeon.
You worshipped Okawaru.
Okawaru was pleased with you.
You visited 2 branches of the dungeon, and saw 9 of its levels.

You collected 494 gold pieces.
You spent 241 gold pieces at shops.

Inventory:

Hand Weapons
 a - a +4 spear
 b - a +2 trident of draining (weapon)
 x - a +0 trident
 z - the +1 glaive of Mastery {drain, *Noise rC+ Int+4}
   (You bought it in a shop on level 2 of the Dungeon)

   Int+4:     It affects your intelligence (+4).
   rC+:       It protects you from cold.
   *Noise:    It may make a loud noise when swung.
 G - a +2 trident
Missiles
 d - 3 throwing nets
 e - 9 large rocks
 i - 5 javelins
 s - 3 poisoned darts
 t - a curare-tipped dart
 w - 5 boomerangs
 A - 25 stones
 H - 2 darts of dispersal
Armour
 c - a +0 hat (worn)
 l - a +0 cloak (worn)
 y - a +0 cloak
 C - a +0 robe (worn)
Jewellery
 f - an amulet of magic regeneration (around neck)
 q - a +6 ring of dexterity (left hand)
 B - a ring of protection from fire (right hand)
Talismans
 k - a granite talisman
Wands
 F - a wand of acid (16)
Scrolls
 g - 7 scrolls of teleportation
 D - a scroll of immolation
 E - a scroll of blinking
Potions
 h - a potion of enlightenment {unknown}
 j - a potion of brilliance {unknown}
 m - 5 potions of curing
 n - a potion of degeneration {unknown}
 o - 3 potions of berserk rage {unknown}
 p - 2 potions of attraction
 r - 2 potions of magic
 u - 2 potions of haste
 v - 4 potions of heal wounds


   Skills:
 + Level 12.2(17.2) Fighting
 + Level 12.7(17.7) Polearms
 - Level 2.0(7.0) Throwing
 - Level 2.6(7.6) Dodging
 + Level 4.9 Invocations


You had 9 spell levels left.
You didn't know any spells.
Your spell library contained the following spells:

 Spells                   Type           Power      Damage    Failure   Level
 Sting                    Conj/Alch      0%         1d3       38%         1
 Jinxbite                 Hex            0%         N/A       52%         2
 Mercury Vapours          Alch/Air       0%         N/A       52%         2
 Ozocubu's Armour         Ice            0%         N/A       77%         3
 Volatile Blastmotes      Fire/Tloc      0%         2d10      77%         3
 Cause Fear               Hex            0%         N/A       99%         4
 Fulminant Prism          Conj/Alch      0%         3d5       99%         4
 Iskenderun's Mystic Bla  Conj/Tloc      0%         2d3       99%         4
 Olgreb's Toxic Radiance  Alch           0%         N/A       99%         4
 Fireball                 Conj/Fire      0%         3d3       100%        5
 Metabolic Englaciation   Hex/Ice        0%         N/A       100%        5
 Yara's Violent Unravell  Hex/Alch       0%         3d3       100%        5
 Enfeeble                 Hex            0%         N/A       100%        7
 Summon Small Mammal      Summ           Unusable   N/A       N/A         1
 Call Canine Familiar     Summ           Unusable   N/A       N/A         3
 Summon Blazeheart Golem  Fire/Summ      Unusable   N/A       N/A         4
 Sculpt Simulacrum        Ice/Alch       Unusable   N/A       N/A         6
 Dragon's Call            Summ           Unusable   N/A       N/A         9

Dungeon Overview and Level Annotations

Branches:
Dungeon (8/15)             Temple (1/1) D:7
   Lair: D:8-11

Altars:
Ashenzari
Cheibriados
Dithmenos
Elyvilon
Fedhas
Gozag
Hepliaklqana
Makhleb
Nemelex Xobeh
Okawaru
Qazlal
Ru
Trog
Uskayaw
Wu Jian
Xom
Zin
The Shining One

Shops:
D:2 ([(=(   D:7 ***(


Innate Abilities, Weirdness & Mutations

You are too large for most types of armour.
You have a pair of small horns on your head.
You have tough skin. (AC +1)
You gain doubled healing and magic from potions.
Whenever you drink a healing potion, you attack all around you.


Message History

g - 7 scrolls of teleportation (gained 1)
You open the door.
A vampire comes into view.
There is an open door here.
You gain the combat prowess of a mighty hero.
The vampire hits you but does no damage.
The vampire bites you.
* * * LOW HITPOINT WARNING * * *
The vampire draws strength from your injuries!
The vampire mumbles some strange words.
The vampire flickers and vanishes!
Deactivating autopickup; reactivate with Ctrl-A.
Reach: b) +2 trident (drain)
Press: ? - help, Dir - move target, f - you That would be overly suicidal.
Okay, then.
Reach: b) +2 trident (drain)
Press: ? - help, Dir - move target, f - you That would be overly suicidal.
Okay, then.
Unknown command.
You barely miss something. Something hits you.
* * * LOW HITPOINT WARNING * * *
Something bites you!
* * * LOW HITPOINT WARNING * * *
Something draws strength from your injuries!
You miss something. Something hits you!
* * * LOW HITPOINT WARNING * * *
Something bites you!
* * * LOW HITPOINT WARNING * * *
Something draws strength from your injuries!
You miss something. Something hits you!
* * * LOW HITPOINT WARNING * * *
Something bites you!
* * * LOW HITPOINT WARNING * * *
Something draws strength from your injuries!
Reach: b) +2 trident (drain)
Press: ? - help, Dir - move target You impale something!!
Something draws life force from you!
You die...

############# #.
#...#...#...### ..
#...'...'...).## ..
#...#...#...#..# ..
##'#######'###.####
#####...#[p[#...#...###
#...#...+...#...#.....#
#...#...#$.}#...#.....# ####
###.##@#######+##'#####
#..#######.#.{.# #...#.##..#
#....#.....#...#.D.'...#......
#....'.....#...#...#...#......
#....#.....#############......
#....#......#........)........
#....#......#.......รท.........
##..##......###..##.###'#####.
##########.###..##.###).#####


There were no monsters in sight!

Vanquished Creatures
  A skeletal warrior (D:8)
  An ugly thing (D:8)
  Joseph (D:7)
  Jeremiah (D:6)
  An unseen horror (D:8)
  An efreet (D:8)
  Prince Ribbit (D:5)
  5 yaks (D:7)
  A wraith (D:8)
  Eustachio (D:6)
  Menkaure (D:7)
  A water moccasin (D:7)
  An ice beast (D:6)
  A laughing skull (D:8)
  An ogre (D:5)
  2 centaurs (D:8)
  A phantom (D:4)
  A kobold brigand (D:8)
  Blork the orc (D:6)
  2 bullfrogs
  4 scorpions
  4 wights (D:8)
  6 killer bees (D:8)
  2 bombardier beetles (D:4)
  A gnoll bouda (D:8)
  6 hounds
  4 jellies
  Crazy Yiuf (D:5)
  2 orc priests (D:8)
  3 iron imps (D:4)
  3 iguanas
  Terence (D:2)
  3 orc wizards (D:8)
  A sleepcap (D:4)
  11 gnolls
  5 adders
  A shadow imp (D:7)
  2 ufetubi (D:6)
  7 dart slugs
  3 ribbon worms
  28 orcs
  8 endoplasms
  3 giant cockroaches
  8 goblins
  8 hobgoblins
  8 kobolds
  4 quokkas
  5 ball pythons
  14 bats
  2 frilled lizards
  2 rats
186 creatures vanquished.

Notes
Turn   | Place    | Note
-------+----------+-------------------------------------------
     0 | D:1      | lunkers the Oni Gladiator began the quest for the Orb.
     0 | D:1      | Reached XP level 1. HP: 22/22 MP: 1/1
    93 | D:1      | Reached XP level 2. HP: 27/29 MP: 2/2
   355 | D:1      | You fall into a shaft and drop 1 floor!
   384 | D:2      | Found Zizopn's Weapon Shoppe.
   515 | D:2      | Reached XP level 3. HP: 8/36 MP: 3/3
   529 | D:1      | Found a faded altar of an unknown god.
  1162 | D:2      | Noticed Terence
  1166 | D:2      | Killed Terence
  1167 | D:2      | Reached skill level 5 in Polearms
  1167 | D:2      | Reached XP level 4. HP: 17/44 MP: 4/4
  1314 | D:2      | Found Toineq's Armour Shop.
  1329 | D:2      | Found Hapteud's Weapon Emporium.
  1537 | D:2      | Found Igumimn's One-of-a-Kind Rings.
  1868 | D:2      | Found Udastriesm's Antique Weapon Shoppe.
  2307 | D:3      | Identified the +1 helmet of Whack-A-Mole {rPois}
  2410 | D:3      | Reached XP level 5. HP: 47/50 MP: 5/5
  2996 | D:4      | Reached XP level 6. HP: 25/59 MP: 6/6
  3277 | D:4      | Found an ornate altar of the Wu Jian Council.
  3602 | D:4      | Reached XP level 7. HP: 67/67 MP: 7/7
  3814 | D:4      | HP: 1/68 [gnoll/+0 spear (4)]
  4287 | D:4      | Found a burning altar of Makhleb.
  4449 | D:5      | Entered Level 5 of the Dungeon
  4699 | D:5      | Reached skill level 5 in Fighting
  5009 | D:5      | Reached XP level 8. HP: 80/80 MP: 8/8
  5485 | D:5      | Noticed Prince Ribbit
  5488 | D:5      | Found a runed translucent door.
  5503 | D:5      | Killed Prince Ribbit
  5608 | D:5      | Identified the +1 hammer of the Final Decision {elec,
                  | Dex+8}
  5777 | D:5      | Identified the +8 hammer "Nifonissoe" {distort, rPois}
  5787 | D:5      | Noticed Crazy Yiuf
  5796 | D:5      | Killed Crazy Yiuf
  5986 | D:2      | Bought a jewelled glaive for 241 gold pieces
  5986 | D:2      | Identified the +1 glaive of Mastery {drain, *Noise rC+
                  | Int+4} (You bought it in a shop on level 2 of the Dungeon)
  6135 | D:6      | Found a shimmering altar of Xom.
  6332 | D:6      | Noticed Blork the orc
  6342 | D:6      | Killed Blork the orc
  6663 | D:6      | Reached skill level 10 in Polearms
  6709 | D:6      | Found a hide-covered altar of Uskayaw.
  6754 | D:6      | Noticed Jeremiah
  6775 | D:6      | Killed Jeremiah
  6776 | D:6      | Reached XP level 9. HP: 30/96 MP: 9/9
  7065 | D:6      | Noticed Eustachio
  7086 | D:6      | Killed Eustachio
  7194 | D:6      | Found a shadowy altar of Dithmenos.
  7332 | D:7      | Found Lecrag's General Store.
  7373 | D:7      | Found Itzuugia's Assorted Antiques.
  7463 | D:7      | Found a staircase to the Ecumenical Temple.
  7518 | Temple   | Entered the Ecumenical Temple
  7530 | Temple   | Became a worshipper of Warmaster Okawaru
  7540 | D:7      | Noticed Joseph
  7556 | D:7      | Killed Joseph
  7843 | D:7      | Found Wirgh's Antique Weapon Boutique.
  8086 | D:7      | Noticed Menkaure
  8088 | D:7      | Found Nosk's General Store.
  8091 | D:7      | Killed Menkaure
  8113 | D:7      | Reached * piety under Okawaru
  8129 | D:7      | Reached skill level 10 in Fighting
  8130 | D:7      | Reached XP level 10. HP: 46/111 MP: 10/10
  8822 | D:8      | Found a blossoming altar of Fedhas.
  8847 | D:8      | Reached skill level 1 in Invocations
  9402 | D:8      | Found a bloodstained altar of Trog.
  9572 | D:8      | Found a hazy altar of Hepliaklqana.
  9572 | D:8      | Found a sparkling altar of Nemelex Xobeh.
  9573 | D:8      | Found a white marble altar of Elyvilon.
  9693 | D:8      | Reached ** piety under Okawaru
  9797 | D:8      | Noticed a white ugly thing
  9811 | D:8      | Killed a white ugly thing
  9998 | D:8      | Noticed a skeletal warrior
 10013 | D:8      | Killed a skeletal warrior
 10016 | D:8      | Noticed a seven-headed hydra
 10280 | D:8      | Noticed an occultist
 10290 | D:8      | Killed an unseen horror
 10320 | D:8      | Killed from afar by a vampire

Illustrated notes

Levels and vault maps discovered:
D:1:      dpeg_arrival_arbitrary_b, layout_basic, ebering_ecumenical_altar_hall,
          minmay_heptomino_h4
D:2:      layout_basic, serial_shops, shop, shop, shop, shop,
          nicolae_shop_unique_rings, uniq_terence
D:3:      minmay_evil_eye, layout_loops_ring, chequers_garden, roderic_batcave
D:4:      layout_basic, demons_altar, nicolae_overflow_hidden_temple,
          kennysheep_donut, uniq_sigmund
D:5:      layout_loops_ring, uniq_crazy_yiuf_cottage, uniq_prince_ribbit1
D:6:      layout_loops_ring, mainiacjoe_overflow_24_doors,
          mainiacjoe_overflow_chevrons,
          nicolae_dithmenos_through_a_glass_darkly, uniq_eustachio,
          uniq_blork_the_orc, uniq_jeremiah
D:7:      layout_loops_ring, minmay_temple_entry_junction_2, serial_shops,
          nicolae_square_shop, nicolae_lakefront_shop,
          nicolae_shop_gibbet_a_chance, shop_fountains, uniq_joseph,
          uniq_menkaure
D:8:      layout_gridville, palyth_temple_overflow_mages, fedhas_altar_3,
          lemuel_zombie_altar_yredelemnul, kennysheep_mini_moat,
          gammafunk_temple_overflow_claw, serial_shops, shop, minmay_evil_grid
Temple:   hellmonk_temple_micro_hex

Skill      XL: |  1  2  3  4  5  6  7  8  9 10 |
---------------+-------------------------------+-----
Polearms       | 4 5 6 7 8 10 11 12 | 12.7
Fighting       | 3 5 7 10 12 | 12.2
Invocations    | 4 |  4.9
Throwing       | |  2.0
Dodging        | |  2.6

Action                     |  1- 3 |  4- 6 |  7- 9 | 10-12 || total
---------------------------+-------+-------+-------+-------++-------
  Melee: Trident           |    82 |   188 |   225 |   172 ||   667
         Headbutt          |    11 |    27 |    49 |    35 ||   122
         Punch             |     2 |     8 |    18 |    12 ||    40
         Spear             |       |       |    96 |       ||    96
 Invoke: Heroism           |       |       |       |     6 ||     6
    Use: Scroll            |       |       |    12 |     1 ||    13
   Stab: Distracted        |     1 |       |     1 |       ||     2
         Sleeping          |     2 |     4 |     3 |       ||     9
 Armour: Robe              |    36 |   109 |   150 |   108 ||   403
  Dodge: Dodged            |    28 |    82 |   101 |    63 ||   274

Table legend: (Time is in decaauts)
 A = Elapsed time spent in this place.
 B = Non-inter-level travel time spent in this place.
 C = Inter-level travel time spent in this place.
 D = Time resting spent in this place.
 E = Time spent auto-exploring this place.
 F = Levels seen in this place.
 G = Mean time per level.
                   A        B        C        D        E       F      G
               +--------+--------+--------+--------+--------+-----+--------+
         Total |  10204 |   9650 |    554 |    465 |   7840 |   9 | 1133.8 |
       Dungeon |  10186 |   9640 |    546 |    465 |   7840 |   8 | 1273.2 |
        Temple |     17 |     10 |      7 |      0 |      0 |   1 |   17.0 |
               +--------+--------+--------+--------+--------+-----+--------+

Top non-repeatable levels by time:
     D:8: 1906 daAuts
     D:5: 1478 daAuts
     D:4: 1314 daAuts
     D:2: 1309 daAuts
     D:6: 1172 daAuts
     D:3: 1087 daAuts
     D:7: 1039 daAuts
     D:1: 876 daAuts
  Temple: 17 daAuts
